 Dungeon Crawl Stone Soup version 0.15-a0-1675-g4580af5 (console) character file.

97 Mac the Ruffian (level 4, 0/44 HPs)
             Began as a Troll Fighter on June 23, 2014.
             Slain by a gnoll
             ... wielding a +0 spear
              (3 damage)
             ... on Level 4 of the Dungeon.
             The game lasted 00:02:36 (368 turns).

Mac the Ruffian (Troll Fighter)                      Turns: 368, Time: 00:02:36

HP   0/44        AC 10     Str 30      XL: 4   Next: 42%
MP   2/2         EV 10     Int -1      God:
Gold 85          SH  0     Dex  9      Spells:  0 memorised,  3 levels left

rFire  . . .     SeeInvis .       - Unarmed
rCold  . . .     Clarity  .     i - +0 robe
rNeg   . . .     rCorr    .     (shield restricted)
rPois  .         rRot     .     (helmet restricted)
rElec  .         Spirit   .     (no cloak)
SustAb .         Warding  .     (gloves unavailable)
rMut   .         Stasis   .     (boots unavailable)
Gourm  +                        (no amulet)
MR     .....                    d - +5 ring of protection
                                j - cursed -5 ring of intelligence

@: mighty, lost intelligence, very slow, not resistant to hostile enchantments,
very unstealthy
A: unfitting armour, claws 3, fast metabolism 3, gourmand, regeneration 2,
saprovore 2, shaggy fur 1, tough skin 2
a: no special abilities


You were on level 4 of the Dungeon.
You were hungry.

You visited 1 branch of the dungeon, and saw 4 of its levels.

You collected 85 gold pieces.

Inventory:

Armour
 b - a +0 robe
 c - a +0 shield
 i - a +0 robe (worn)
Comestibles
 a - 2 meat rations
 g - a beef jerky
 h - a bread ration
Scrolls
 k - 3 scrolls of remove curse {unknown}
 l - a scroll of random uselessness {unknown}
Jewellery
 d - a +5 ring of protection (right claw)
 j - a cursed -5 ring of intelligence (left claw)
Potions
 f - 2 potions of curing


   Skills:
 - Level 2.4 Fighting
 - Level 2.4 Dodging
 - Level 2.4 Shields
 + Level 4.7 Unarmed Combat


You had 3 spell levels left.
You didn't know any spells.

Dungeon Overview and Level Annotations

Branches:
Dungeon (4/15)
 Temple: D:4-7

Altars:
Elyvilon

Shops:
D:4 !:


Innate Abilities, Weirdness & Mutations

You are too large for most types of armour.
You have claws for hands.
Your metabolism is lightning-fast.
You like to eat raw meat.
You heal very quickly.
You can eat rotten meat.
You are covered in fur (AC +1).
You have very tough skin (AC +2).


Message History

The gnoll barely misses you. The ball python barely misses you.
The ball python bites you.
* * * LOW HITPOINT WARNING * * *
The gnoll barely misses you.
The ball python bites you but does no damage. x2
The gnoll hits you from afar with a spear.
* * * LOW HITPOINT WARNING * * *
The gnoll hits you but does no damage.
The ball python bites you but does no damage.
The ball python completely misses you.
The gnoll hits you from afar with a spear.
* * * LOW HITPOINT WARNING * * *
The gnoll hits you from afar with a spear.
* * * LOW HITPOINT WARNING * * *
The ball python bites you but does no damage.
The gnoll hits you but does no damage.
You scratch the ball python.
You kill the ball python!
The gnoll hits you from afar with a spear.
You die...

####......#...# ##....
......##'##...## #
......'..........
......#...[.$....
......#.......∩..
......#...........
......#...........
......#......####+#
......###'######@.##.###
......+......gg........#
......#.......g........# #+
......#................# #..
......#................# #..
......#.....###+######+#### +##..
......#####'#....................
......#.....'....................
......#.....#....................


You could see 3 gnolls.

Vanquished Creatures
  3 worker ants (D:4)
  An adder (D:3)
  A giant mite (D:4)
  A ball python (D:4)
  A bat (D:4)
  A hobgoblin (D:4)
  A kobold (D:1)
  A giant newt (D:3)
  A rat (D:3)
11 creatures vanquished.

Notes
Turn   | Place    | Note
--------------------------------------------------------------
     0 | D:1      | Mac, the Troll Fighter, began the quest for the Orb.
     0 | D:1      | Reached XP level 1. HP: 22/22 MP: 1/1
    66 | D:3      | Reached XP level 2. HP: 11/29 MP: 1/1
   110 | D:4      | Found Biwy's Book Shoppe.
   156 | D:4      | Found a white marble altar of Elyvilon.
   180 | D:4      | Reached skill level 3 in Unarmed Combat
   181 | D:4      | Reached XP level 3. HP: 19/36 MP: 2/2
   222 | D:4      | Lost intelligence.
   307 | D:4      | Reached skill level 4 in Unarmed Combat
   307 | D:4      | Reached XP level 4. HP: 44/44 MP: 2/2
   349 | D:4      | Found Seppehet's Distillery.
   366 | D:4      | HP: 2/44 [gnoll/spear (4)]
   368 | D:4      | Slain by a gnoll

Action                   |  1- 3 |  4- 6 || total
-------------------------+-------+-------++-------
Melee: Unarmed           |    51 |     4 ||    55
  Use: Scroll            |     3 |       ||     3
       Potion            |       |     1 ||     1
